Map: 潜水艇-天梯版

Players

TIME (Oliveira) - Winner!

  • Race: Terran Terran

Silky

  • Race: Zerg Zerg
  • League: Master

Event: DreamHack SC2 Masters 2020 Summer China

VOD

Have the link to the VOD?

Description

Time

  • Played on: July 3, 2020, 7:34 a.m.
  • Length: 11:35

All games in this series

Show
View Real Time Build Order
Export as new Build Order

TIME Terran - Winner!

Build Orders: Reaper Expand, Hellion Banshee 

Get SALT Encoding   

  12  0:00  SCV  
  13  0:12  SCV  
  14  0:17  Supply Depot  
  14  0:25  SCV  
  15  0:39  SCV  
  15  0:40  Barracks  
  16  0:45  Refinery  
  16  0:51  SCV  
  17  1:03  SCV  
  18  1:15  SCV  
  19  1:27  Reaper  
  19  1:28  Orbital Command  
  20  1:38  Command Center  
  20  1:49  Supply Depot  
  20  1:53  SCV  
  21  1:59  Marine  
  22  2:05  SCV  
  23  2:12  Factory  
  23  2:14  Refinery  
  23  2:17  SCV  
  24  2:23  Barracks Reactor  
  25  2:30  SCV  
  25  2:42  SCV  
  26  2:52  Orbital Command  
  26  2:54  SCV  
  26  2:57  Starport  
  27  3:05  Hellion x2  
  31  3:07  Barracks Tech Lab  
  31  3:08  SCV  
  32  3:18  SCV  
  33  3:22  SCV  
  33  3:26  Hellion x2  
  38  3:32  SCV  
  39  3:34  Supply Depot, Marine  
  39  3:35  SCV  
  39  3:39  Cloaking Field, Banshee  
  44  3:46  SCV  
  44  3:48  Hellion  
  46  3:55  SCV  
  46  3:56  Hellion, Barracks Tech Lab  
  46  3:57  Supply Depot  
  46  3:59  SCV  
  50  4:09  SCV  
  51  4:11  SCV  
  51  4:13  Command Center  
  52  4:20  Stimpack  
  52  4:22  SCV, Banshee  
  56  4:26  Supply Depot  
  56  4:27  SCV  
  56  4:29  Marine  
  58  4:36  SCV  
  58  4:37  Factory Reactor  
  59  4:39  SCV, Barracks  
  59  4:43  Barracks  
  60  4:48  SCV  
  60  4:51  SCV  
  62  4:57  Engineering Bay  
  62  4:58  Engineering Bay  
  62  5:01  SCV, Refinery  
  62  5:02  Refinery  
  62  5:03  SCV  
  62  5:04  Marine  
  65  5:13  SCV  
  66  5:14  Starport Reactor  
  66  5:15  SCV  
  66  5:17  Supply Depot  
  67  5:25  SCV, Orbital Command  
  67  5:26  Marine  
  67  5:27  Marine x2  
  71  5:29  Siege Tank  
  71  5:30  Terran Infantry Weapons Level 1  
  71  5:32  Terran Infantry Armor Level 1  
  71  5:35  SCV  
  75  5:41  Marine  
  76  5:43  Marine  
  76  5:47  SCV  
  76  5:48  SCV, Marine  
  80  5:50  Marine  
  80  5:51  Supply Depot  
  80  5:53  Medivac x2  
  85  5:57  Marine  
  85  6:00  Orbital Command  
  86  6:05  SCV x2, Marine x2  
  86  6:06  Siege Tank  
  86  6:08  Combat Shield  
  93  6:12  Marine  
  93  6:17  SCV, Supply Depot, Marine  
  93  6:18  SCV  
  97  6:21  Armory  
  97  6:22  Marine  
  97  6:23  Supply Depot, Marine  
  99  6:26  Marine  
  99  6:30  Marine  
  101  6:39  SCV x2, Medivac x2  
  107  6:40  Supply Depot, Marine  
  107  6:41  Supply Depot  
  107  6:42  Marine  
  107  6:45  SCV  
  110  6:49  Marine  
  110  6:51  SCV, Marine x2  
  114  6:55  Barracks  
  114  6:57  SCV, Barracks  
  115  7:06  Marine  
  109  7:09  Marine x2  
  109  7:10  SCV  
  109  7:16  Marine x2  
  109  7:18  SCV x2  
  109  7:21  Supply Depot  
  107  7:23  Supply Depot  
  107  7:24  Marine  
  107  7:27  Marine x2  
  107  7:29  Terran Infantry Armor Level 2, Terran Infantry Weapons Level 2  
  110  7:34  Marine x2, Siege Tank  
  110  7:36  Medivac  
  117  7:42  Marine  
  117  7:43  Barracks Reactor  
  118  7:44  SCV x2  
  118  7:45  SCV, Marine  
  118  7:46  Barracks Reactor, Refinery  
  118  7:47  Refinery  
  118  7:50  Marine  
  123  7:51  Marine  
  123  7:56  Marine  
  123  7:57  Medivac  
  127  8:00  Marine  
  126  8:10  Marine x2  
  126  8:11  SCV x2  
  117  8:15  Command Center  
  117  8:16  Supply Depot  
  116  8:22  Marine x2  
  116  8:23  Marine x4  
  116  8:24  Siege Tank  
  116  8:25  Liberator  
  116  8:26  SCV  
  123  8:27  Drilling Claws  
  123  8:28  Marine  
  123  8:29  Factory  
  123  8:30  SCV  
  123  8:32  Terran Vehicle And Ship Armor Level 1  
  123  8:33  Marine x2  
  127  8:35  SCV  
  127  8:39  Supply Depot  
  127  8:40  Marine x2  
  130  8:45  Marine  
  130  8:46  Medivac  
  133  8:56  Marine x2  
  133  8:58  Marine  
  133  8:59  Marine x2  
  138  9:04  Marine  
  138  9:09  Marine x2  
  136  9:12  Marine  
  130  9:19  Factory Reactor, Marine  
  130  9:20  Marine  
  130  9:22  SCV x2  
  134  9:28  Marine x4  
  134  9:29  Barracks x2  
  134  9:30  SCV, Barracks  
  139  9:34  SCV  
  139  9:36  Marine  
  141  9:39  Marine x2  
  141  9:41  Widow Mine  
  141  9:42  Medivac x2  
  145  9:45  Supply Depot  
  145  9:46  Supply Depot  
  145  9:47  Marine  
  143  9:55  Marine  
  143  9:57  Marine  
  143  9:58  Marine  
  143  9:59  Widow Mine x2  
  139  10:00  SCV x2  
  139  10:01  SCV  
  139  10:02  Widow Mine  
  139  10:03  Marine x2  
  139  10:05  Marine x2  
  139  10:06  Marine  
  149  10:08  Planetary Fortress  
  149  10:13  Marine x2  
  151  10:15  Sensor Tower  
  151  10:16  Medivac  
  151  10:17  Barracks Tech Lab  
  153  10:21  Barracks Tech Lab  
  153  10:24  Marine  
  153  10:26  Marine  
  153  10:27  Widow Mine, Barracks Tech Lab  
  153  10:28  Widow Mine x2  
  161  10:29  Medivac, Marine  
  161  10:30  Marine  
  161  10:31  Marine  
  161  10:33  Marine  
  167  10:35  Marine  
  167  10:39  Marine  
  168  10:44  Marauder  
  170  10:52  Marine  
  170  10:54  Marine x2  
  170  10:56  Widow Mine x2  
  178  10:58  Missile Turret x2  
  178  10:59  Missile Turret  
  178  11:00  Missile Turret, Marine x3  
  178  11:04  Medivac  
Show
View Real Time Build Order
Export as new Build Order

Silky Zerg 

Build Orders: Hatch First 

Get SALT Encoding   

  12  0:00  Drone  
  13  0:12  Overlord  
  13  0:17  Drone  
  14  0:30  Drone x2  
  16  0:47  Hatchery  
  15  0:51  Drone  
  15  0:54  Drone  
  17  0:57  Drone  
  18  1:04  Extractor  
  17  1:12  Spawning Pool  
  17  1:15  Drone  
  17  1:19  Drone  
  18  1:29  Drone  
  19  1:40  Drone  
  20  1:49  Drone  
  21  1:59  Queen x2  
  21  2:00  Zergling x4  
  27  2:08  Metabolic Boost  
  27  2:11  Overlord  
  27  2:13  Drone  
  28  2:33  Drone x4  
  32  2:38  Queen x2  
  36  2:44  Overlord  
  36  2:47  Overlord  
  36  3:03  Drone  
  36  3:04  Drone x2  
  39  3:07  Drone  
  39  3:08  Zergling x2  
  39  3:09  Zergling x6  
  44  3:13  Drone x2  
  46  3:28  Hatchery, Drone x3  
  46  3:31  Overlord  
  48  3:39  Overlord  
  48  3:43  Drone  
  48  3:47  Drone x3  
  52  3:49  Overlord  
  52  3:52  Overlord  
  52  3:54  Overlord  
  52  3:57  Drone  
  53  4:03  Evolution Chamber  
  53  4:04  Evolution Chamber  
  53  4:05  Drone x2  
  53  4:06  Drone  
  54  4:11  Queen  
  54  4:15  Queen  
  58  4:21  Drone x3  
  58  4:23  Drone  
  62  4:25  Drone  
  62  4:27  Drone x2  
  65  4:33  Zerg Ground Armor Level 1  
  65  4:37  Drone x2  
  67  4:38  Spore Crawler  
  67  4:43  Spore Crawler x2  
  64  4:45  Spore Crawler  
  64  4:48  Zerg Melee Weapons Level 1  
  64  4:52  Drone x2  
  65  4:54  Drone  
  65  4:56  Overlord  
  66  5:00  Drone x3  
  66  5:03  Drone  
  66  5:05  Overlord  
  70  5:07  Drone x2  
  70  5:09  Drone  
  70  5:10  Extractor  
  70  5:13  Drone x3  
  75  5:18  Overlord  
  75  5:21  Zergling x2  
  76  5:22  Drone  
  76  5:24  Lair  
  76  5:26  Drone  
  76  5:27  Drone x3  
  81  5:30  Zergling x2  
  82  5:38  Zergling x6  
  82  5:41  Spore Crawler  
  81  5:47  Zergling x6  
  81  5:49  Hatchery  
  83  5:52  Zergling x6  
  83  5:53  Overlord  
  84  5:58  Drone x7  
  84  6:02  Extractor  
  90  6:05  Zergling x2  
  90  6:08  Baneling Nest  
  90  6:11  Zergling x4  
  92  6:21  Hatchery  
  92  6:23  Zergling x2  
  92  6:24  Zergling x4, Hatchery  
  93  6:30  Zergling x2  
  93  6:31  Zergling x4  
  96  6:35  Overseer  
  96  6:37  Zergling x2  
  96  6:38  Zergling x6  
  100  6:43  Zergling x10  
  105  6:47  Overlord  
  105  6:49  Overlord, Queen  
  105  6:53  Zergling x2  
  105  6:54  Zergling x2  
  107  7:08  Zergling x10  
  94  7:13  Drone x10  
  100  7:17  Zerg Ground Armor Level 2, Zerg Melee Weapons Level 2  
  100  7:19  Centrifical Hooks  
  98  7:22  Drone  
  98  7:23  Drone  
  98  7:28  Extractor  
  98  7:30  Extractor  
  98  7:32  Zergling x4, Extractor  
  98  7:34  Baneling x6  
  96  7:38  Zergling x14  
  103  7:45  Baneling x3  
  103  7:46  Zergling x12  
  103  7:48  Zergling x10  
  114  7:55  Baneling x3  
  114  8:00  Zergling x4  
  114  8:02  Baneling x3  
  112  8:09  Zergling x16  
  112  8:11  Zergling x14  
  98  8:24  Zergling x16  
  103  8:28  Spire  
  103  8:31  Drone x4  
  106  8:36  Zergling x2  
  106  8:37  Zergling x6  
  106  8:38  Baneling  
  106  8:39  Baneling x4  
  110  8:43  Zergling x2  
  110  8:44  Zergling x6  
  114  8:51  Zergling x2  
  114  8:52  Zergling x4  
  114  8:53  Overseer  
  117  9:00  Overlord  
  117  9:01  Hatchery, Overlord x2  
  107  9:14  Zergling x8  
  94  9:20  Zergling x16  
  94  9:23  Zergling x6  
  99  9:28  Zergling x8  
  96  9:34  Zergling x12  
  98  9:40  Zergling x2  
  98  9:41  Zergling x2  
  98  9:42  Zergling x4  
  67  10:04  Mutalisk x7  
  81  10:10  Drone x3  
  84  10:16  Mutalisk  
  84  10:17  Mutalisk  
  88  10:23  Mutalisk x2  
  88  10:26  Baneling  
  88  10:27  Baneling x3  
  92  10:29  Baneling x2  
  92  10:33  Zergling x2  
  92  10:34  Zergling x4  
  95  10:40  Mutalisk x2  
  99  10:45  Zergling x6  
  102  10:50  Zergling x6  
  103  10:59  Zergling x10  
  108  11:10  Hatchery  
Tags
 
Add a new tag
Caveats
  • Supply blocks, unpowered buildings, or Contaminate may cause inaccurate times.
  • Supply counts are checked every 10 seconds.